 Dungeon Crawl Stone Soup version 0.30-a0-1043-g60ff8d5f49 (webtiles) character file.

Game seed: 4103837781845767917

46 Danienth the Magician (level 3, 0/24 HPs)
             Began as a Demonspawn Hedge Wizard on Apr 9, 2023.
             Slain by Terence
             ... wielding a +2 hand axe of flaming
              (5 damage)
             ... on level 2 of the Dungeon on Apr 10, 2023.
             The game lasted 00:14:41 (2044 turns).

Danienth the Magician (Demonspawn Hedge Wizard)     Turns: 2044, Time: 00:14:42

Health: 0/24       AC:  6    Str: 10    XL:     3   Next: 46%
Magic:  4/9        EV: 12    Int: 17    God:
Gold:   33         SH:  0    Dex: 12    Spells: 6/10 levels left

rFire   . . .      SeeInvis .    a - +0 dagger
rCold   . . .      Faith    .    (no shield)
rNeg    + . .      Spirit   .    b - +0 robe
rPois   .          Reflect  .    c - +0 hat
rElec   .          Rampage  .    (no cloak)
rCorr   .                        (no gloves)
Will    .....                    (no boots)
Stlth   ++                       (no amulet)
HPRegen 0.24/turn                g - ring of positive energy
MPRegen 0.11/turn                i - +4 ring of protection

@: no status effects
A: weakness stinger 2, antennae 1, high MP 1
a: no special abilities


You were on level 2 of the Dungeon.
You visited 1 branch of the dungeon, and saw 2 of its levels.

You collected 33 gold pieces.

Inventory:

Hand Weapons
 a - a +0 dagger (weapon)
Armour
 b - a +0 robe (worn)
 c - a +0 hat (worn)
Jewellery
 g - a ring of positive energy (left hand)
 i - a +4 ring of protection (right hand)
Scrolls
 e - a scroll of identify {unknown}
Potions
 f - a potion of lignification {unknown}
 h - a potion of mutation


   Skills:
 + Level 2.1 Dodging
 + Level 1.9 Stealth
 + Level 4.0 Spellcasting
 + Level 1.0 Conjurations
 + Level 1.0 Summonings
 + Level 0.8 Translocations


You had 6 spell levels left.
You knew the following spells:

 Your Spells              Type           Power      Damage    Failure   Level
a - Magic Dart            Conj           28%        1d4       10%         1
b - Slow                  Hex            12%        N/A       16%         1
c - Call Imp              Summ           12%        N/A       16%         2

Your spell library contained the following spells:

 Spells                   Type           Power      Damage    Failure   Level
 Blink                    Tloc           12%        N/A       17%         2
 Cigotuvi's Dreadful Rot  Necr/Pois/Air  6%         N/A       24%         2
 Mephitic Cloud           Conj/Pois/Air  4%         N/A       38%         3
 Ignite Poison            Fire/Tmut/Pois 3%         N/A       43%         3
 Freezing Cloud           Conj/Ice/Air   2%         6-21      98%         5


Dungeon Overview and Level Annotations

Branches:
Dungeon (2/15)

Altars:

Annotations:
D:2 Terence


Innate Abilities, Weirdness & Mutations

You have a tail ending in a sharp stinger.
You have a pair of small antennae on your head.
You have an increased reservoir of magic. (+10% MP)


Message History

Aiming: Magic Dart (safe; 10% risk of failure)
Press: ? - help, Shift-Dir - straight line, f/p - Terence
Aim: Terence, wielding a +2 hand axe of flaming and wearing a +0 ring mail (100% to hit)
The magic dart hits Terence but does no damage.
Casting: Magic Dart (safe; 10% risk of failure)
Confirm with . or Enter, or press ? or * to list all spells.
Aiming: Magic Dart (safe; 10% risk of failure)
Press: ? - help, Shift-Dir - straight line, f/p - Terence
Aim: Terence, wielding a +2 hand axe of flaming and wearing a +0 ring mail (100% to hit)
The magic dart hits Terence but does no damage.
Terence hits you with a +2 hand axe of flaming.
Terence burns you.
It was a potion of mutation.
You feel extremely strange. A pair of antennae grows on your head!
You feel more energetic. Terence barely misses you.
You barely miss Terence. Terence closely misses you.
You hit Terence but do no damage.
You tail-slap Terence, but do no damage.
Terence closely misses you.
You hit Terence.
Terence is lightly wounded.
Terence asks, "Do you want it fast or slow?"
Terence hits you with a +2 hand axe of flaming.
Terence burns you.
Your magical contamination has completely faded away.
You barely miss Terence.
Terence is lightly wounded.
Terence hits you with a +2 hand axe of flaming.
Terence burns you.
* * * LOW HITPOINT WARNING * * *
You hit Terence but do no damage. You tail-slap Terence.
Terence is moderately wounded.
Terence hits you with a +2 hand axe of flaming.
* * * LOW HITPOINT WARNING * * *
Terence burns you.
* * * LOW HITPOINT WARNING * * *
You hit Terence but do no damage. You punch Terence, but do no damage.
Terence is moderately wounded.
Terence hits you with a +2 hand axe of flaming.
You die...

.....♣.♣.♣. #..#...$..
#...♣.♣[♣# # #
##........#.#.#......
.....................
.....†..##.#........
..##.#................
...!....@.#†.##......#
..@....##@#.........
......P #.#.#....##
#.....♣.#.....<...#
#....♣♣.........#.#
#.... ♣PP#...#### #..P
♣..#...# ##.♣ ♣P.#...#
♣PP#...# ♣♣.#...#


You could see Terence.

Vanquished Creatures
  An adder (D:2)
  4 dart slugs
  4 endoplasms (D:1)
  5 goblins (D:1)
  A hobgoblin (D:1)
  A ball python (D:1)
  6 bats
  3 frilled lizards
  2 kobolds (D:1)
  5 rats (D:1)
32 creatures vanquished.

Vanquished Creatures (others)
  A plant (D:2)
1 creature vanquished.

Grand Total: 33 creatures vanquished

Notes
Turn   | Place    | Note
-------+----------+-------------------------------------------
     0 | D:1      | Danienth the Demonspawn Hedge Wizard began the quest for
                  | the Orb.
     0 | D:1      | Reached XP level 1. HP: 13/13 MP: 4/4
   415 | D:1      | Gained mutation: You have a small tail. [demonic ancestry]
   415 | D:1      | Reached XP level 2. HP: 19/19 MP: 0/6
   535 | D:1      | Learned a level 1 spell: Slow
   538 | D:1      | Learned a level 2 spell: Call Imp
  1392 | D:1      | Gained mutation: You have a tail ending in a sharp stinger.
                  | [demonic ancestry]
  1392 | D:1      | Reached XP level 3. HP: 24/24 MP: 4/8
  1947 | D:2      | Reached skill level 4 in Spellcasting
  2028 | D:2      | Noticed Terence
  2038 | D:2      | Gained mutation: You have a pair of small antennae on your
                  | head. [potion of mutation]
  2038 | D:2      | Gained mutation: You have an increased reservoir of magic.
                  | (+10% MP) [potion of mutation]
  2044 | D:2      | Slain by Terence

Illustrated notes

Levels and vault maps discovered:
D:1:      minmay_arrival_four_loops, layout_basic
D:2:      layout_rooms, serial_forest, infiniplex_forest_lined_3,
          infiniplex_forest_clump_long, infiniplex_forest_corner_1,
          infiniplex_forest_lined_2, infiniplex_forest_lined_3,
          infiniplex_forest_diagonal, basic_altar, uniq_terence

Skill      XL: |  1  2  3 |
---------------+----------+-----
Dodging        | 2 |  2.1
Spellcasting   | 4 |  4.0
Stealth        | |  1.9
Conjurations   | |  1.0
Summonings     | |  1.0
Translocations | |  0.8

Action                     || total
---------------------------++-------
  Melee: Dagger            ||    29
         Tailslap          ||     3
         Punch             ||     1
   Cast: Magic Dart        ||    74
         Slow              ||     7
    Use: Potion            ||     2
 Armour: Robe              ||     7
  Dodge: Dodged            ||    20

Table legend: (Time is in decaauts)
 A = Elapsed time spent in this place.
 B = Non-inter-level travel time spent in this place.
 C = Inter-level travel time spent in this place.
 D = Time resting spent in this place.
 E = Time spent auto-exploring this place.
 F = Levels seen in this place.
 G = Mean time per level.
                   A        B        C        D        E       F      G
               +--------+--------+--------+--------+--------+-----+--------+
         Total |   2042 |   1919 |    123 |    663 |   1005 |   2 | 1021.0 |
       Dungeon |   2042 |   1919 |    123 |    663 |   1005 |   2 | 1021.0 |
               +--------+--------+--------+--------+--------+-----+--------+

Top non-repeatable levels by time:
     D:1: 1937 daAuts
     D:2: 105 daAuts
